 Dungeon Crawl Stone Soup version 0.23.0-33-g5e6c059 (webtiles) character file.

Game seed: 7996217715198266238

203 HEYYEYAAE the Bolt Thrower (level 5, -2/36 HPs)
             Began as an Octopode Hunter on Feb 26, 2019.
             Slain by a centaur skeleton (6 damage)
             ... on level 4 of the Dungeon.
             The game lasted 00:02:25 (2192 turns).

HEYYEYAAE the Bolt Thrower (Octopode Hunter)        Turns: 2192, Time: 00:02:25

Health: -2/36      AC:  1    Str: 11    XL:     5   Next: 81%
Magic:  5/5        EV: 14    Int: 19    God:
Gold:   103        SH:  0    Dex: 13    Spells: 4/4 levels left

rFire    . . .     SeeInvis .   s - +2 hand axe (chop)
rCold    . . .     Gourm    .   (no shield)
rNeg     . . .     Faith    .   (helmet restricted)
rPois    .         Spirit   .   k - amulet of regeneration
rElec    .         Reflect  .   (no ring)
rCorr    .         Harm     .   (no ring)
MR       .....                  (no ring)
Stlth    +++.......             (no ring)
HPRegen  0.52/turn              (no ring)
MPRegen  0.09/turn              (no ring)
                                (no ring)
                                (no ring)

@: brilliant, lethally poisoned (-2 -> -2)
A: almost no armour, stealthy swim, amphibious, 8 rings, constrict 8, camouflage
1, gelatinous body 1
a: no special abilities


You were on level 4 of the Dungeon.
You were very hungry.

You visited 1 branch of the dungeon, and saw 4 of its levels.

You collected 103 gold pieces.

Inventory:

Hand Weapons
 a - a +1 hand crossbow
 b - a +0 short sword
 s - a +2 hand axe of chopping (weapon)
Missiles
 c - 20 bolts
Jewellery
 k - an amulet of regeneration (around mantle)
 l - an uncursed amulet of regeneration
Wands
 q - a wand of paralysis (5)
Scrolls
 g - 3 scrolls of identify
 i - a scroll of amnesia {unknown}
 n - a scroll of noise {unknown}
 o - 2 scrolls of teleportation
 p - a scroll of remove curse {unknown}
 r - a scroll of enchant armour {unknown}
Potions
 f - a potion of haste {unknown}
 h - a potion of curing {unknown}
 j - a potion of berserk rage {unknown}
 m - a potion of mutation {unknown}
Comestibles
 d - 6 rations


   Skills:
 * Level 3.4 Fighting
 * Level 4.9 Crossbows
 * Level 3.5 Dodging
 + Level 3.2 Stealth


You had 4 spell levels left.
You didn't know any spells.
Your spell library contained the following spells:

 Spells                   Type           Power        Failure   Level  Hunger
 Animate Skeleton         Necr           N/A          2%          1    ##.....
 Apportation              Tloc           ##....       2%          1    ##.....
 Confusing Touch          Hex            ##....       2%          1    ##.....
 Summon Small Mammal      Summ           ##..         2%          1    ##.....


Dungeon Overview and Level Annotations

Branches:
Dungeon (4/15)
 Temple: D:4-7

Altars:
Wu Jian

Shops:
D:4 =


Innate Abilities, Weirdness & Mutations

You cannot wear most types of armour.
You are very stealthy in the water. (Stealth+)
You are amphibious.
You can wear up to eight rings at the same time.
You can use your tentacles to constrict eight enemies at once.
Your skin changes colour to match your surroundings (Stealth+).
Your rubbery body absorbs attacks. (AC +1, EV +1)


Message History

You are too injured to fight recklessly!
You are too injured to fight recklessly!
You are too injured to fight recklessly!
You are too injured to fight recklessly!
You are too injured to fight recklessly!
You hit the centaur skeleton.
The centaur skeleton is moderately damaged.
The centaur skeleton hits you.
* * * LOW HITPOINT WARNING * * *
The centaur skeleton barely misses you.
You slash the centaur skeleton!
The centaur skeleton is severely damaged.
The centaur skeleton hits you!
* * * LOW HITPOINT WARNING * * *
It was a potion of brilliance.
You feel clever all of a sudden.
You feel sick. The centaur skeleton hits you.
* * * LOW HITPOINT WARNING * * *
The centaur skeleton hits you.
You die...

..... ######### .....
#.......# ...... #.......#
...... .## #.......#
#...... ..## #.......#
.=.....
...#####.......#####†..∩...
#..#...###.##@Zh..........
#.#...# #.####h..#?......
.####.....# #.#
#..##.......$ ......<...#
#.# #.## .#......
######...<........ .##..$..
##....#...... ## .>###
#...###.###. ## #...# #.#
#. #...# #.


You could see 2 jackals and a centaur skeleton.

Vanquished Creatures
  A bullfrog skeleton (D:3)
  Ijyb (D:3)
  Jessica (D:2)
  6 adders
  An ooze (D:2)
  A worm (D:2)
  A dart slug (D:1)
  2 leopard geckos
  11 bats
  A giant cockroach (D:2)
  6 goblins
  3 hobgoblins
  5 jackals
  5 kobolds
  3 quokkas
  A ball python (D:3)
  4 frilled lizards
  A leopard gecko skeleton (D:4)
  7 rats
61 creatures vanquished.

Notes
Turn   | Place    | Note
-------+----------+-------------------------------------------
     0 | D:1      | HEYYEYAAE the Octopode Hunter began the quest for the Orb.
     0 | D:1      | Reached XP level 1. HP: 14/14 MP: 1/1
    91 | D:1      | Reached XP level 2. HP: 17/19 MP: 2/2
   704 | D:2      | Found an ornate altar of the Wu Jian Council.
   722 | D:2      | Reached XP level 3. HP: 25/25 MP: 3/3
  1042 | D:2      | Reached XP level 4. HP: 29/30 MP: 4/4
  1225 | D:2      | Noticed Jessica
  1230 | D:2      | Killed Jessica
  1438 | D:3      | Found a faded altar of an unknown god.
  1461 | D:3      | Noticed Ijyb
  1463 | D:3      | Paralysed by Ijyb for 7 turns
  1477 | D:3      | Killed Ijyb
  1477 | D:3      | Reached XP level 5. HP: 36/36 MP: 5/5
  2177 | D:4      | Found Byareg's Jewellery Shop.
  2192 | D:4      | Slain by a centaur skeleton

Skill      XL: |  1  2  3  4  5 |
---------------+----------------+-----
Stealth        | 2 3 |  3.2
Fighting       | 3 |  3.4
Dodging        | 3 |  3.5
Crossbows      | |  4.9

Action                   |  1- 3 |  4- 6 || total
-------------------------+-------+-------++-------
Melee: Short sword       |    59 |    31 ||    90
       Tentacles         |    14 |    12 ||    26
       Constrict         |    17 |    15 ||    32
       Hand axe          |       |    30 ||    30
 Fire: Hand crossbow     |     4 |       ||     4
Evoke: Wand              |       |     5 ||     5
  Use: Scroll            |       |     2 ||     2
       Potion            |       |     1 ||     1
 Stab: Sleeping          |     6 |     9 ||    15
       Paralysed         |       |     4 ||     4
  Eat: Chunk             |       |     3 ||     3
Armor: Skin              |     5 |     4 ||     9
Dodge: Dodged            |    28 |    40 ||    68
